 Dungeon Crawl Stone Soup version 0.26-a0-50-gc4d14cd842 (webtiles) character file.

Game seed: 5448608684749364677

29 vurker the Chiller (level 3, 0/26 HPs)
             Began as a Mummy Ice Elementalist on June 4, 2020.
             Slain by a rat (3 damage)
             ... on level 1 of the Dungeon.
             The game lasted 00:01:45 (609 turns).

vurker the Chiller (Mummy Ice Elementalist)          Turns: 609, Time: 00:01:46

Health: 0/26       AC:  2    Str: 11    XL:     3   Next: 1%
Magic:  0/8        EV: 12    Int: 15    God:
Gold:   28         SH:  0    Dex: 12    Spells: 8/9 levels left

rFire    x . .     SeeInvis .   c - +0 dagger
rCold    + . .     Gourm    .   (no shield)
rNeg     + + +     Faith    .   a - +0 robe
rPois    ∞         Spirit   .   (no helmet)
rElec    .         Reflect  .   (no cloak)
rCorr    .         Harm     .   (no gloves)
MR       .....                  (no boots)
Stlth    ++........             (no amulet)
HPRegen  0.08/turn              b - ring of wizardry
MPRegen  0.11/turn              (no ring)

@: no status effects
A: no food or potions, fire vulnerability, cold resistance 1, negative energy
resistance 3, torment resistance, unbreathing
a: no special abilities


You were on level 1 of the Dungeon.
You were not hungry.

You visited 1 branch of the dungeon, and saw 1 of its levels.

You collected 28 gold pieces.

Inventory:

Hand Weapons
 c - a +0 dagger (weapon)
   (You found it on level 1 of the Dungeon)
Armour
 a - a +0 robe (worn)
Jewellery
 b - a ring of wizardry (left hand)
   (You found it on level 1 of the Dungeon)
Scrolls
 d - a scroll of identify {unknown}


   Skills:
 + Level 1.0 Fighting
 - Level 1.5 Dodging
 - Level 1.5 Stealth
 * Level 3.5 Spellcasting
 * Level 3.6 Ice Magic


You had 8 spell levels left.
You knew the following spells:

 Your Spells              Type           Power        Failure   Level  Hunger
a - Freeze                Ice            ##..         1%          1    N/A

Your spell library contained the following spells:

 Spells                   Type           Power        Failure   Level  Hunger
 Frozen Ramparts          Ice            ##....       5%          3    N/A
 Ozocubu's Armour         Chrm/Ice       #.......     11%         3    N/A
 Hailstorm                Conj/Ice       #.......     32%         4    N/A
 Summon Ice Beast         Ice/Summ       #.......     32%         4    N/A

Dungeon Overview and Level Annotations

Branches:
Dungeon (1/15)

Altars:


Innate Abilities, Weirdness & Mutations

You do not eat or drink.
Your flesh is vulnerable to fire.
You are immune to poison.
Your flesh is cold resistant. (rC+)
You are immune to negative energy. (rN+++)
You are immune to unholy pain and torment.
You can survive without breathing.


Message History

You kill the jackal!
You closely miss the kobold. The kobold misses you.
You hit the kobold but do no damage. The kobold completely misses you.
You hit the kobold.
You kill the kobold!
The giant cockroach barely misses you.
You hit the giant cockroach. The giant cockroach bites you.
You hit the giant cockroach but do no damage.
The giant cockroach barely misses you.
You closely miss the giant cockroach.
The giant cockroach completely misses you.
You hit the giant cockroach. The giant cockroach closely misses you.
The giant cockroach bites you but does no damage.
You hit the giant cockroach.
You kill the giant cockroach!
Your Fighting skill increases to level 1!
You hit the jackal but do no damage. The jackal bites you.
The jackal barely misses you.
Aim: a jackal You freeze the jackal.
The jackal bites you.
You hit the jackal but do no damage. The jackal bites you.
* * * LOW HITPOINT WARNING * * *
You hit the jackal but do no damage. The jackal bites you.
* * * LOW HITPOINT WARNING * * *
The jackal misses you.
You barely miss the jackal. The jackal barely misses you.
Unknown command.
You closely miss the jackal. The jackal closely misses you.
The jackal bites you but does no damage.
You hit the jackal but do no damage. The jackal bites you.
* * * LOW HITPOINT WARNING * * *
You hit the jackal but do no damage. The jackal misses you.
You closely miss the jackal. The jackal bites you.
* * * LOW HITPOINT WARNING * * *
The jackal misses you.
You hit the jackal.
The jackal bites you but does no damage.
You barely miss the jackal. The jackal barely misses you. The jackal bites you.
* * * LOW HITPOINT WARNING * * *
Aim: a jackal (almost dead)
You freeze the jackal.
You kill the jackal!
You have reached level 3!
Your experience leads to an increase in your attributes!
Increase (S)trength, (I)ntelligence, or (D)exterity?
You feel clever.
You closely miss the rat. The rat closely misses you.
You barely miss the rat. The rat bites you but does no damage.
You barely miss the rat. The rat bites you.
You die...

#K.......##........).
.....................
#.#####.##.##.#######
# #.##÷##.# #
###....##.. #
#.....###... #
#.....+ ..... +
.#'#+###.....# #.....
# ......r@.....#
#^.....
.....?##.....#
#......) .....
#.....######. ....
#............ ...
#####........ ..
#........ . #........
#........ #>.......


You could see a rat.

Vanquished Creatures
  A dart slug (D:1)
  2 bats (D:1)
  A giant cockroach (D:1)
  4 hobgoblins (D:1)
  4 jackals (D:1)
  4 frilled lizards (D:1)
  2 goblins (D:1)
  4 kobolds (D:1)
  4 rats (D:1)
26 creatures vanquished.

Notes
Turn   | Place    | Note
-------+----------+-------------------------------------------
     0 | D:1      | vurker the Mummy Ice Elementalist began the quest for the
                  | Orb.
     0 | D:1      | Reached XP level 1. HP: 13/13 MP: 4/4
   269 | D:1      | Reached XP level 2. HP: 10/20 MP: 1/6
   594 | D:1      | Reached skill level 1 in Fighting
   606 | D:1      | Reached XP level 3. HP: 3/26 MP: 0/8
   609 | D:1      | Slain by a rat

Illustrated notes

Levels and vault maps discovered:
D:1:      dpeg_arrival_stone_temple_mockup, layout_basic

Skill      XL: |  1  2 |
---------------+-------+-----
Spellcasting   | 3 |  3.5
Fighting       | 1 |  1.0
Dodging        | |  1.5
Stealth        | |  1.5
Ice Magic      | |  3.6

Action                   || total
-------------------------++-------
Melee: Dagger            ||    26
 Cast: Freeze            ||    36
Armor: Robe              ||     8
Dodge: Dodged            ||    26

Table legend:
 A = Non-vault XP
 B = Vault XP
 C = Vault XP percentage of total XP
 D = Non-vault monster count
 E = Vault monster count
 F = Vault count percentage of total count
                 A         B        C        D         E       F
            +---------+---------+-------+---------+---------+-------
      Total |      42 |       0 |   0.0 |      26 |       0 |   0.0
            +---------+---------+-------+---------+---------+-------
        D:1 |      42 |       0 |   0.0 |      26 |       0 |   0.0
            +---------+---------+-------+---------+---------+-------
